 Dungeon Crawl Stone Soup version 0.17-a0-2231-gd80ca38 (webtiles) character file.

4365 Gingerlord the Martial Artist (level 10, -1/55 HPs)
             Began as a Vine Stalker Monk on Nov 2, 2015.
             Was an Elder of Nemelex Xobeh.
             Killed by the air
             ... invoked by Gastronok
              (23 damage)
             ... on level 8 of the Dungeon.
             The game lasted 00:26:12 (7005 turns).

Gingerlord the Martial Artist (Vine Stalker Monk)   Turns: 7005, Time: 00:26:14

Health: -1/55      AC:  9    Str: 14    XL:     10   Next: 34%
Magic:  0/23       EV: 17    Int: 11    God:    Nemelex Xobeh [****..]
Gold:   500        SH:  0    Dex: 19    Spells: 0 memorised, 9 levels left

rFire  . . .     SeeInvis .       - Unarmed
rCold  . . .     Clarity  .     t - +3 leather armour
rNeg   . . .     SustAt   +     (no shield)
rPois  .         Gourm    .     (no helmet)
rElec  .         Spirit   +     (no cloak)
rCorr  .         Warding  .     (no gloves)
rMut   .         Stasis   .     (no boots)
MR     +....                    (no amulet)
Stlth  ++++......               F - ring of magical power
                                d - ring of sustain attributes

@: stone skin, especially stealthy, slowed, very slow, somewhat resistant to
hostile enchantments, stealthy
A: fangs 3, regeneration 2, magic shield, antimagic bite, no device heal 3, rot
immunity
a: Triple Draw, Deal Four, Renounce Religion


You were on level 8 of the Dungeon.
You worshipped Nemelex Xobeh.
Nemelex Xobeh was greatly pleased with you.
You were hungry.

You visited 1 branch of the dungeon, and saw 8 of its levels.

You collected 506 gold pieces.

Inventory:

Armour
 t - a +3 leather armour (worn)
 G - a +1 robe of magic resistance
Jewellery
 d - a ring of sustain attributes (left hand)
 o - an uncursed ring of positive energy
 y - an uncursed ring of fire
 F - a ring of magical power (right hand)
Wands
 q - a wand of magic darts (10)
 M - a wand of cold (1)
Scrolls
 c - 7 scrolls of remove curse
 e - 3 scrolls of identify
 g - 3 scrolls of enchant weapon
 j - a scroll of fog
 r - a scroll of enchant armour
 H - a scroll of fear
Potions
 h - a potion of resistance {unknown}
 i - 2 potions of curing
 l - a potion of brilliance
 n - a potion of magic {unknown}
 s - 5 potions of heal wounds
 u - a potion of might {unknown}
 v - a potion of agility {unknown}
 A - a potion of haste
 C - a potion of cancellation {unknown}
 I - a potion of poison {unknown}
Books
 J - a book of Frost

   Spells                             Type                      Level
   a - Freeze                         Ice                          1
   b - Throw Frost                    Conjuration/Ice              2
   c - Ozocubu's Armour               Charms/Ice                   3
   d - Throw Icicle                   Conjuration/Ice              4
   e - Summon Ice Beast               Ice/Summoning                4
   f - Condensation Shield            Ice                          4
Miscellaneous
 a - a plain deck of destruction {drawn: 6}
 f - an ornate deck of escape {drawn: 4}
 m - a plain deck of war {drawn: 4}
 w - a plain deck of wonders {drawn: 2}
 x - an ornate deck of destruction {drawn: 5}
 z - a plain deck of war {drawn: 2}
 D - a legendary deck of escape
 E - an ornate deck of escape {drawn: 2}
Comestibles
 b - 12 bread rations
 k - a royal jelly
 p - 4 meat rations


   Skills:
 + Level 7.3 Fighting
 - Level 3.6 Armour
 + Level 6.7 Dodging
 - Level 3.3 Stealth
 + Level 8.4 Unarmed Combat
 + Level 4.7 Evocations


You had 9 spell levels left.
You didn't know any spells.

Dungeon Overview and Level Annotations

Branches:
Dungeon (8/15)             Temple (0/1) D:5
   Lair: D:8-11

Altars:
Ashenzari
Elyvilon
Gozag
Makhleb
Nemelex Xobeh
Qazlal
Ru
Xom
Zin

Annotations:
D:4 kitkat's ghost, amateur OgFE
D:8 Gastronok


Innate Abilities, Weirdness & Mutations

You have razor-sharp teeth.
You heal very quickly.
When hurt, damage is shared between your health and your magic reserves.
Your bite disrupts and absorbs the magic of your enemies.
Potions and wands cannot restore your health.
You are immune to rotting.


Message History

The bat barely misses you.
You punch Gastronok! You bite Gastronok, but do no damage.
Gastronok is severely wounded.
The bat completely misses you.
Gastronok makes a strange noise.
Gastronok waves his eye-stalks in wide circles.
The air twists around and strikes you!
You punch Gastronok!
Gastronok is almost dead.
The bat hits you but does no damage. Gastronok bites you!!
You hit Gastronok but do no damage. Your bite misses Gastronok.
Gastronok is severely wounded.
The bat hits you but does no damage. The bat misses you.
You hit Gastronok. Your bite misses Gastronok.
Gastronok is almost dead.
The bat closely misses you. x2
Gastronok waves his eye-stalks in wide circles.
The air twists around and strikes you!
You die...
Your body glows with a rainbow of weird colours and disappears.

###############
#.....#........
#.....#.......#
#.....#........
##########.....#wb≈≈..##
.........'.....†@.≈≈..'.
.#########.....#...≈..##
.# #.....#..≈≈..# .#
#####.....#......# .#
.....#.(...#...?..# .#
.....########.......
'###...[.# #######
.........# ........#


You could see Gastronok and a bat.

Vanquished Creatures
  Pikel (D:7)
  Joseph (D:7)
  Grinder (D:5)
  A spriggan (D:7)
  A wyvern (D:8)
  A necrophage (D:6)
  3 sky beasts
  A black bear (D:7)
  2 ice beasts (D:8)
  An ogre (D:6)
  3 big kobolds
  A giant frog (D:7)
  A water moccasin zombie (D:7)
  2 scorpions
  A crimson imp (D:8)
  2 centaur zombies
  2 giant frog zombies (D:5)
  3 orc priests
  Ijyb (D:2)
  3 jellies
  3 centaur skeletons
  4 hounds
  Jessica (D:2)
  3 orc wizards
  2 iguanas
  8 worker ants
  A hound skeleton (D:8)
  3 gnolls (D:5)
  2 river rats (D:5)
  11 adders
  2 oozes
  2 adder skeletons (D:7)
  9 worms
  6 giant geckos
  8 orcs
  A ball python (D:5)
  6 goblins
  13 hobgoblins
  43 kobolds
  3 quokkas
  A sheep (D:6)
  5 bats
  5 giant cockroaches
  5 giant newts
  A jackal skeleton (D:7)
  2 quokka skeletons
  15 rats
197 creatures vanquished.

Vanquished Creatures (collateral kills)
  Erolcha (D:8)
  The ghost of kitkat the Ogre Mage, an amateur OgFE (D:5)
  An ice beast (D:5)
  A crimson imp (D:5)
  A worker ant (D:4)
  A giant cockroach (D:5)
  6 kobolds (D:5)
12 creatures vanquished.

Vanquished Creatures (others)
  A giant frog (D:7)
  A hound (D:7)
  An orc wizard (D:5)
  A giant gecko (D:7)
4 creatures vanquished.

Grand Total: 213 creatures vanquished

Notes
Turn   | Place    | Note
--------------------------------------------------------------
     0 | D:1      | Gingerlord the Vine Stalker Monk began the quest for the Orb.
     0 | D:1      | Reached XP level 1. HP: 11/11 MP: 2/2
   107 | D:1      | Reached XP level 2. HP: 16/16 MP: 3/3
   682 | D:1      | Reached XP level 3. HP: 19/19 MP: 4/4
   823 | D:2      | Noticed Jessica
   855 | D:2      | Killed Jessica
   855 | D:2      | Reached XP level 4. HP: 24/24 MP: 5/5
   901 | D:2      | Noticed Sigmund
  1012 | D:3      | Reached skill level 1 in Armour
  1363 | D:3      | You fall through a shaft for 2 floors!
  1363 | D:5      | Entered Level 5 of the Dungeon
  1383 | D:5      | Found a staircase to the Ecumenical Temple.
  1403 | D:4      | Reached XP level 5. HP: 3/28 MP: 0/6
  1512 | D:4      | Noticed kitkat's ghost (amateur OgFE)
  1526 | D:4      | Found a burning altar of Makhleb.
  1593 | D:4      | Found a stormy altar of Qazlal.
  2039 | D:2      | Noticed Ijyb
  2050 | D:2      | Killed Ijyb
  2067 | D:2      | Gained mutation: You heal very quickly. [Vine Stalker growth]
  2067 | D:2      | Reached XP level 6. HP: 22/33 MP: 7/7
  2557 | D:4      | Found a sparkling altar of Nemelex Xobeh.
  2566 | D:4      | Became a worshipper of Nemelex Xobeh the Trickster
  2566 | D:4      | Received a gift from Nemelex Xobeh
  2566 | D:4      | Reached * piety under Nemelex Xobeh
  2566 | D:4      | Received a gift from Nemelex Xobeh
  2566 | D:4      | Received a gift from Nemelex Xobeh
  2566 | D:4      | Reached ** piety under Nemelex Xobeh
  2582 | D:4      | Reached skill level 5 in Unarmed Combat
  2875 | D:4      | Reached XP level 7. HP: 28/37 MP: 6/8
  3124 | D:2      | Noticed Sigmund
  3124 | D:2      | Sigmund changed into Sigmund the ooze
  3126 | D:2      | Found a glowing silver altar of Zin.
  3129 | D:2      | Killed Sigmund the ooze
  3228 | D:2      | Received a gift from Nemelex Xobeh
  3337 | D:5      | Killed kitkat's ghost
  3454 | D:5      | Received a gift from Nemelex Xobeh
  3526 | D:5      | Found a sacrificial altar of Ru.
  3689 | D:5      | Received a gift from Nemelex Xobeh
  3703 | D:5      | Noticed Grinder
  3722 | D:5      | Killed Grinder
  3787 | D:5      | Drew Focus: Dex increased to 18, Int decreased to 10
  3796 | D:5      | Gained mutation: You have razor-sharp teeth. [Vine Stalker growth]
  3796 | D:5      | Reached XP level 8. HP: 29/42 MP: 9/9
  3814 | D:5      | Noticed a big kobold
  3827 | D:5      | Killed a big kobold
  3827 | D:5      | Reached skill level 5 in Fighting
  3924 | D:5      | Noticed an ice beast
  3936 | D:5      | Killed an ice beast
  3938 | D:5      | Reached skill level 6 in Unarmed Combat
  3945 | D:5      | Noticed a big kobold
  3958 | D:5      | Killed a big kobold
  4040 | D:5      | Reached *** piety under Nemelex Xobeh
  4629 | D:6      | Reached skill level 1 in Evocations
  4672 | D:6      | Reached skill level 5 in Dodging
  4924 | D:6      | Found a shimmering altar of Xom.
  5005 | D:6      | Received a gift from Nemelex Xobeh
  5216 | D:6      | Found a shattered altar of Ashenzari.
  5417 | D:6      | Reached XP level 9. HP: 41/48 MP: 11/11
  5573 | D:7      | Noticed Joseph
  5598 | D:7      | HP: 2/48 [water moccasin zombie (4)]
  5694 | D:7      | Noticed Pikel
  5717 | D:7      | Killed Pikel
  5717 | D:7      | Reached skill level 7 in Unarmed Combat
  5841 | D:7      | Received a gift from Nemelex Xobeh
  5851 | D:7      | Reached **** piety under Nemelex Xobeh
  6037 | D:7      | Killed Joseph
  6442 | D:8      | Reached skill level 8 in Unarmed Combat
  6442 | D:8      | Reached XP level 10. HP: 53/53 MP: 14/14
  6493 | D:8      | Noticed Gastronok
  6518 | D:8      | Found an opulent altar of Gozag.
  6604 | D:8      | Noticed Erolcha
  6635 | D:8      | Killed Erolcha
  6809 | D:8      | Found a white marble altar of Elyvilon.
  7005 | D:8      | Killed from afar by Gastronok

Vault maps used:
D:1:      dpeg_arrival_ratfight, minmay_hedge_maze
D:2:      overflow_temple_1_default, kennysheep_cross_room, uniq_sigmund,
          uniq_iyjb, uniq_jessica
D:3:      first_bread
D:4:      nemelex_deck, nicolae_qazlal_general_emergency,
          nicolae_overflow_crystal_walls
D:5:      minmay_goblin_kobold_castle, nicolae_ru_awakened_eye,
          minmay_temple_entry_statues_pillars, portal_sewer_entry_c,
          kennysheep_generic_room_12, uniq_grinder
D:6:      lemuel_round_altar, hangedman_decor_peaks_small, dk_xom_monty_hall
D:7:      the_bakery, uniq_joseph, uniq_pikel
D:8:      marbit_many_paths, grunt_gozag_statues, uniq_gastronok, uniq_erolcha

Action                   |  1- 3 |  4- 6 |  7- 9 | 10-12 || total
-------------------------+-------+-------+-------+-------++-------
Melee: Unarmed           |    95 |   190 |   414 |    75 ||   774
Invok: Triple Draw       |       |       |     1 |       ||     1
Evoke: Deck              |       |     2 |    13 |    12 ||    27
  Use: Scroll            |     2 |     5 |     5 |     5 ||    17
       Potion            |       |     2 |     2 |     3 ||     7
 Stab: Sleeping          |     4 |    15 |     5 |       ||    24
       Distracted        |       |       |     1 |       ||     1
  Eat: Chunk             |       |     6 |     9 |       ||    15
       Beef jerky        |       |       |     1 |       ||     1
       Pizza             |       |       |     1 |     1 ||     2
